BLB
LOS ANGELES DINOS @ NEW YORK CYCLONES
09/19/2059
 
TOP OF THE 1ST
Los Angeles Dinos batting - Pitching for New York Cyclones : RHP Cedric Erickson
Pitching: RHP Cedric Erickson
Batting: RHB Efren Zamora 0-0: Ground out 6-3 (Groundball, 6S, EV 68.1 MPH)
Batting: LHB Tris Chikumbu 0-0: Swinging Strike
0-1: Foul Ball, location: 2F
0-2: Ball
1-2: Foul Ball, location: 2F
1-2: Fly out, F7 (Flyball, 7LS, EV 93.8 MPH)
Batting: RHB Andy Dillon 0-0: Ball
1-0: DOUBLE (Flyball, 8RXD, EV 91.2 MPH) - OUT at third base trying to stretch hit.
Top of the 1st over - 0 runs, 1 hit, 0 errors, 0 left on base; Los Angeles 0 - New York 0
BOTTOM OF THE 1ST
New York Cyclones batting - Pitching for Los Angeles Dinos : RHP Jessie Strong
Pitching: RHP Jessie Strong
Batting: LHB John McIntyre 0-0: Ball
1-0: Foul Ball, location: 2F
1-1: Ball
2-1: Fly out, F7 (Flyball, 78M, EV 75.6 MPH)
Batting: RHB Fred Etheridge 0-0: Called Strike
0-1: Ball
1-1: Ball
2-1: SINGLE (Line Drive, 7S, EV 101.2 MPH)
Batting: RHB Jarrett Evans 0-0: Ball
1-0: Called Strike
1-1: Grounds into double play, 5-4-3 (Groundball, 56, EV 87.5 MPH)
Bottom of the 1st over - 0 runs, 1 hit, 0 errors, 0 left on base; Los Angeles 0 - New York 0
TOP OF THE 2ND
Los Angeles Dinos batting - Pitching for New York Cyclones : RHP Cedric Erickson
Batting: LHB Sage Emerson 0-0: Foul Ball, location: 2F
0-1: Foul Ball, location: 2F
0-2: Ball
1-2: SINGLE (Line Drive, 9LS, EV 103.1 MPH)
Batting: RHB Wyatt Steinauer Balk!
Sage Emerson to second
0-0: Foul Ball, location: 2F
0-1: Foul Ball, location: 2F
0-2: Foul Ball, location: 2F
0-2: Foul Ball, location: 2F
0-2: Ball
1-2: Ball
2-2: SINGLE (Line Drive, 56D, EV 98.8 MPH)
Sage Emerson to third
Runner from 3rd tries for Home, SAFE, throw by LF to home
Batting: LHB Shawn Hickey 0-0: Foul Ball, location: 2F
0-1: Swinging Strike
0-2: Strikes out swinging
Batting: RHB Orrin Perkins 0-0: Ball
1-0: Called Strike
1-1: Ball
2-1: Ball
Wild Pitch!
Wyatt Steinauer to second
3-1: Called Strike
3-2: Strikes out swinging
Batting: RHB Derick Murphy 0-0: Ball
1-0: Foul Ball, location: 2F
1-1: Called Strike
1-2: Foul Ball, location: 2F
1-2: Ball
2-2: Ball
3-2: Ground out 5-3 (Groundball, 56, EV 85.0 MPH)
Top of the 2nd over - 1 run, 2 hits, 0 errors, 1 left on base; Los Angeles 1 - New York 0
BOTTOM OF THE 2ND
New York Cyclones batting - Pitching for Los Angeles Dinos : RHP Jessie Strong
Batting: LHB Jim Mjima 0-0: Called Strike
0-1: Foul Ball, location: 2F
0-2: Ball
1-2: Ball
2-2: Foul Ball, location: 2F
2-2: SOLO HOME RUN (Line Drive, 7LD, EV 97.5 MPH), Distance : 374 ft
Batting: LHB Jared Rosewall 0-0: Called Strike
0-1: DOUBLE (Groundball, 3L, EV 103.8 MPH)
Batting: RHB Alexander Charter 0-0: Ball
1-0: Called Strike
1-1: Ball
2-1: Ball
3-1: Called Strike
3-2: DOUBLE (Flyball, 89XD, EV 95.6 MPH)
Jared Rosewall scores
Batting: LHB Tariq Alston 0-0: Called Strike
0-1: Ball
1-1: Hit by Pitch
Batting: RHB Devon Richardson 0-0: Ball
1-0: Called Strike
1-1: Swinging Strike
1-2: Strikes out looking
Batting: RHB Kaniel Martinez 0-0: Called Strike
0-1: Ball
1-1: Ball
2-1: Called Strike
2-2: Ball
3-2: Grounds into double play, 4-6-3 (Groundball, 4, EV 101.9 MPH)
Bottom of the 2nd over - 2 runs, 3 hits, 0 errors, 1 left on base; Los Angeles 1 - New York 2
TOP OF THE 3RD
Los Angeles Dinos batting - Pitching for New York Cyclones : RHP Cedric Erickson
Batting: RHB Cody Mancini 0-0: Ball
1-0: Foul Ball, location: 2F
1-1: Foul Ball, location: 2F
1-2: Ball
2-2: Strikes out swinging
Batting: RHB Efren Zamora 0-0: Called Strike
0-1: Ground out 4-3 (Groundball, 4, EV 104.4 MPH)
Batting: LHB Tris Chikumbu 0-0: Fly out, F7 (Flyball, 7, EV 91.9 MPH)
Top of the 3rd over - 0 runs, 0 hits, 0 errors, 0 left on base; Los Angeles 1 - New York 2
BOTTOM OF THE 3RD
New York Cyclones batting - Pitching for Los Angeles Dinos : RHP Jessie Strong
Batting: LHB John McIntyre 0-0: Ball
1-0: Called Strike
1-1: Ball
2-1: Ball
3-1: Base on Balls
Batting: RHB Fred Etheridge 0-0: Foul Ball, location: 2F
0-1: Ball
1-1: Foul Ball, location: 2F
1-2: Ball
2-2: Ball
3-2: Foul Ball, location: 2F
3-2: Fly out, F8 (Flyball, 8RD, EV 101.2 MPH)
Batting: RHB Jarrett Evans 0-0: Ball
1-0: Called Strike
1-1: Ball
2-1: Foul Ball, location: 2F
2-2: Strikes out looking
Batting: LHB Jim Mjima 0-0: Called Strike
0-1: Ball
1-1: Ball
John McIntyre steals 2nd base
2-1: Swinging Strike
2-2: Foul Ball, location: 2F
2-2: Strikes out swinging
Bottom of the 3rd over - 0 runs, 0 hits, 0 errors, 1 left on base; Los Angeles 1 - New York 2
TOP OF THE 4TH
Los Angeles Dinos batting - Pitching for New York Cyclones : RHP Cedric Erickson
Batting: RHB Andy Dillon 0-0: Ball
1-0: Ball
2-0: Swinging Strike
2-1: Foul Ball, location: 2F
2-2: Ball
3-2: Base on Balls
Batting: LHB Sage Emerson 0-0: Foul Ball, location: 2F
0-1: Called Strike
0-2: Ball
1-2: Strikes out looking
Batting: RHB Wyatt Steinauer 0-0: Called Strike
0-1: Ball
1-1: Foul Ball, location: 2F
1-2: Ball
2-2: Ball
3-2: Foul Ball, location: 2F
3-2: Strikes out swinging
Batting: LHB Shawn Hickey 0-0: Ball
1-0: Ground out 4-3 (Groundball, 4M, EV 100.0 MPH)
Top of the 4th over - 0 runs, 0 hits, 0 errors, 1 left on base; Los Angeles 1 - New York 2
BOTTOM OF THE 4TH
New York Cyclones batting - Pitching for Los Angeles Dinos : RHP Jessie Strong
Batting: LHB Jared Rosewall 0-0: Foul Ball, location: 2F
0-1: Ball
1-1: SINGLE (Groundball, 4MD, EV 96.2 MPH)
Batting: RHB Alexander Charter 0-0: Foul Ball, location: 2F
Pickoff Throw to First - Out! 1-3 CS
0-1: Ball
1-1: Called Strike
1-2: Strikes out swinging
Batting: LHB Tariq Alston 0-0: Foul Ball, location: 2F
0-1: Fly out, F8 (Line Drive, 8RD, EV 93.1 MPH)
Bottom of the 4th over - 0 runs, 1 hit, 0 errors, 0 left on base; Los Angeles 1 - New York 2
TOP OF THE 5TH
Los Angeles Dinos batting - Pitching for New York Cyclones : RHP Cedric Erickson
Batting: RHB Orrin Perkins 0-0: SINGLE (Line Drive, 8LS, EV 99.4 MPH)
Batting: RHB Derick Murphy Pickoff Throw to First - Error! E1
Orrin Perkins to second
0-0: Ball
1-0: Called Strike
1-1: Ground out 6-3 (Groundball, 6, EV 98.1 MPH)
Batting: RHB Cody Mancini 0-0: Ball
1-0: Called Strike
1-1: Foul Ball, location: 2F
1-2: Ground out 5-3 (Groundball, 56S, EV 78.8 MPH)
Batting: RHB Efren Zamora 0-0: Ball
1-0: Ball
2-0: Called Strike
2-1: Fly out, F8 (Flyball, 89D, EV 105.6 MPH)
Top of the 5th over - 0 runs, 1 hit, 1 error, 1 left on base; Los Angeles 1 - New York 2
BOTTOM OF THE 5TH
New York Cyclones batting - Pitching for Los Angeles Dinos : RHP Jessie Strong
Batting: RHB Devon Richardson 0-0: Ball
1-0: Called Strike
1-1: Foul Ball, location: 2F
1-2: Ball
2-2: Foul Ball, location: 2F
2-2: Ball
3-2: Ground out 4-3 (Groundball, 34, EV 91.9 MPH)
Batting: RHB Kaniel Martinez 0-0: Ball
1-0: Swinging Strike
1-1: Called Strike
1-2: Ball
2-2: Fly out, F8 (Flyball, 8RXD, EV 109.4 MPH)
Pitching: RHP Ian Cooley
Batting: LHB John McIntyre 0-0: Ground out 4-3 (Groundball, 4, EV 103.1 MPH)
Bottom of the 5th over - 0 runs, 0 hits, 0 errors, 0 left on base; Los Angeles 1 - New York 2
TOP OF THE 6TH
Los Angeles Dinos batting - Pitching for New York Cyclones : RHP Cedric Erickson
Batting: LHB Tris Chikumbu 0-0: Called Strike
0-1: Ball
1-1: Foul Ball, location: 2F
1-2: Strikes out swinging
Batting: RHB Andy Dillon 0-0: Foul Ball, location: 2F
0-1: Foul Ball, location: 2F
0-2: Foul Ball, location: 2F
0-2: Ball
1-2: Ball
2-2: Ball
3-2: Foul Ball, location: 2F
3-2: SINGLE (Groundball, 56D, EV 96.2 MPH)
Batting: LHB Sage Emerson 0-0: Ball
1-0: Ball
2-0: Foul Ball, location: 2F
2-1: Ball
3-1: Fly out, F9 (Flyball, 9, EV 89.4 MPH)
Batting: RHB Wyatt Steinauer 0-0: Ball
1-0: Fly out, F8 (Line Drive, 8RD, EV 105.6 MPH)
Top of the 6th over - 0 runs, 1 hit, 0 errors, 1 left on base; Los Angeles 1 - New York 2
BOTTOM OF THE 6TH
New York Cyclones batting - Pitching for Los Angeles Dinos : RHP Ian Cooley
Batting: RHB Fred Etheridge 0-0: Swinging Strike
0-1: Ball
1-1: Ball
2-1: Swinging Strike
2-2: Strikes out swinging
Batting: RHB Jarrett Evans 0-0: Ball
1-0: Swinging Strike
1-1: Ball
2-1: Ground out 6-3 (Groundball, 6, EV 78.8 MPH)
Batting: LHB Jim Mjima 0-0: Called Strike
0-1: Foul Ball, location: 2F
0-2: Ball
1-2: Ball
2-2: Ball
3-2: Base on Balls
Batting: LHB Jared Rosewall 0-0: Foul Ball, location: 2F
0-1: Ball
1-1: Foul Ball, location: 2F
1-2: Ball
2-2: SINGLE (Groundball, 15S, EV 71.2 MPH) (infield hit)
Jim Mjima to second
Batting: RHB Alexander Charter 0-0: Ball
1-0: Ball
2-0: Ball
3-0: Called Strike
3-1: Fielders Choice at 2nd, 6-4 (Groundball, 6, EV 84.4 MPH)
Bottom of the 6th over - 0 runs, 1 hit, 0 errors, 2 left on base; Los Angeles 1 - New York 2
TOP OF THE 7TH
Los Angeles Dinos batting - Pitching for New York Cyclones : RHP Cedric Erickson
Batting: LHB Shawn Hickey 0-0: Foul Ball, location: 2F
0-1: Called Strike
0-2: Foul Ball, location: 2F
0-2: Ball
1-2: Ball
2-2: Strikes out swinging
Batting: RHB Orrin Perkins 0-0: Called Strike
0-1: Ball
1-1: Ground out 4-3 (Groundball, 4, EV 107.5 MPH)
Batting: RHB Derick Murphy 0-0: Called Strike
0-1: Ground out 5-3 (Groundball, 15, EV 83.8 MPH)
Top of the 7th over - 0 runs, 0 hits, 0 errors, 0 left on base; Los Angeles 1 - New York 2
BOTTOM OF THE 7TH
New York Cyclones batting - Pitching for Los Angeles Dinos : RHP Ian Cooley
Pitching: RHP Jamie Martino
Batting: LHB Tariq Alston 0-0: Called Strike
0-1: Ball
1-1: Called Strike
1-2: Foul Ball, location: 2F
1-2: Foul Ball, location: 2F
1-2: SINGLE (Flyball, 78S, EV 91.9 MPH)
Batting: RHB Devon Richardson 0-0: Called Strike
0-1: Grounds into double play, 5-4-3 (Groundball, 56S, EV 86.2 MPH)
Batting: RHB Kaniel Martinez 0-0: Ground out 4-3 (Groundball, 4, EV 87.5 MPH)
Bottom of the 7th over - 0 runs, 1 hit, 0 errors, 0 left on base; Los Angeles 1 - New York 2
TOP OF THE 8TH
Los Angeles Dinos batting - Pitching for New York Cyclones : RHP Cedric Erickson
Batting: RHB Cody Mancini 0-0: Ball
1-0: Called Strike
1-1: Fly out, F8 (Flyball, 8RD, EV 87.5 MPH)
Batting: RHB Efren Zamora 0-0: Foul Ball, location: 2F
0-1: SINGLE (Flyball, 8RS, EV 96.2 MPH)
Batting: LHB Tris Chikumbu 0-0: Foul Ball, location: 2F
0-1: Ball
Efren Zamora steals 2nd base
1-1: Called Strike
1-2: Ball
2-2: Ground out 4-3 (Groundball, 34D, EV 101.2 MPH)
Efren Zamora to third
Batting: RHB Andy Dillon 0-0: Called Strike
0-1: Ball
1-1: Ground out U3 (Groundball, 3, EV 86.2 MPH)
Top of the 8th over - 0 runs, 1 hit, 0 errors, 1 left on base; Los Angeles 1 - New York 2
BOTTOM OF THE 8TH
New York Cyclones batting - Pitching for Los Angeles Dinos : RHP Jamie Martino
Batting: LHB John McIntyre 0-0: Foul Ball, location: 2F
0-1: Foul Ball, location: 2F
0-2: Ball
1-2: Fly out, F7 (Line Drive, 78M, EV 103.1 MPH)
Batting: RHB Fred Etheridge 0-0: Ball
1-0: Called Strike
1-1: SINGLE (Flyball, 89S, EV 90.0 MPH)
Batting: RHB Jarrett Evans 0-0: Fly out, F8 (Flyball, 8LS, EV 98.8 MPH)
Batting: LHB Jim Mjima 0-0: Foul Ball, location: 2F
0-1: Ball
1-1: Ball
Fred Etheridge is caught stealing 2nd base 2-6
Bottom of the 8th over - 0 runs, 1 hit, 0 errors, 0 left on base; Los Angeles 1 - New York 2
TOP OF THE 9TH
Los Angeles Dinos batting - Pitching for New York Cyclones : RHP Cedric Erickson
Pitching: LHP Dawson Hupp
Now in CF: Parker Capalbo
Batting: LHB Sage Emerson 0-0: Ball
1-0: Ball
2-0: Foul Ball, location: 2F
2-1: Swinging Strike
2-2: Strikes out looking
Batting: RHB Wyatt Steinauer 0-0: Foul Ball, location: 2F
0-1: Ball
1-1: Ball
2-1: Ball
3-1: Called Strike
3-2: Strikes out swinging
Pinch Hitting: RHB Cody Turner 0-0: Called Strike
0-1: Foul Ball, location: 2F
0-2: Strikes out swinging
Top of the 9th over - 0 runs, 0 hits, 0 errors, 0 left on base; Los Angeles 1 - New York 2
Tuesday, April 2nd , 2024 - OOTP Baseball 23.10 Build 110